 Dungeon Crawl Stone Soup version 0.19-a0-1456-gc747e27 (webtiles) character file.

119 PurpleRed the Conjurer (level 4, 0/24 HPs)
             Began as a Deep Elf Conjurer on Sept 6, 2016.
             Slain by a worker ant (7 damage)
             ... on level 4 of the Dungeon.
             The game lasted 00:04:58 (800 turns).

PurpleRed the Conjurer (Deep Elf Conjurer)           Turns: 800, Time: 00:04:58

Health: 0/24       AC:  2    Str:  5    XL:     4   Next: 73%
Magic:  1/12       EV: 12    Int: 25    God:
Gold:   16         SH:  0    Dex: 11    Spells: 2 memorised, 8 levels left

rFire  + . .     SeeInvis .     d - +0 short sword
rCold  x . .     Gourm    .     a - +0 robe
rNeg   . . .     Faith    .     (no shield)
rPois  .         Spirit   .     (no helmet)
rElec  .         Dismiss  .     (no cloak)
rCorr  .         Reflect  .     (no gloves)
MR     .....     Harm     .     (no boots)
Stlth  ++........               (no amulet)
                                (no ring)
                                r - ring of Tiots {Fire +Fly Int+4 Dex-4}

@: no status effects
A: no striking features
a: Evoke Flight


You were on level 4 of the Dungeon.
You were not hungry.

You visited 1 branch of the dungeon, and saw 5 of its levels.

You collected 16 gold pieces.

Inventory:

Hand Weapons
 d - a +0 short sword (weapon)
Armour
 a - a +0 robe (worn)
Jewellery
 r - the ring of Tiots (left hand) {Fire +Fly Int+4 Dex-4}
   (You found it on level 4 of the Dungeon)

   [ring of fire]

   It enhances your fire magic.
   It affects your intelligence (+4).
   It affects your dexterity (-4).
   It protects you from fire.
   It makes you vulnerable to cold.
   It lets you fly.
Scrolls
 e - a scroll of random uselessness {unknown}
 f - a scroll of fear {unknown}
 i - a scroll of magic mapping {unknown}
 j - 2 scrolls of remove curse {unknown}
 k - 2 scrolls of identify {unknown}
 m - a scroll of recharging {unknown}
 o - 2 scrolls of teleportation {unknown}
 p - a scroll of enchant armour {unknown}
Potions
 g - 6 potions of heal wounds {unknown}
 n - a potion of might {unknown}
 q - a potion of degeneration {unknown}
 s - a potion of mutation {unknown}
Books
 b - a book of Conjurations

   Spells                             Type                      Level
   a - Magic Dart                     Conjuration                  1
   b - Searing Ray                    Conjuration                  2
   c - Dazzling Spray                 Conjuration/Hexes            3
   d - Fulminant Prism                Conjuration/Hexes            4
   e - Iskenderun's Mystic Blast      Conjuration                  4
   f - Iskenderun's Battlesphere      Conjuration/Charms           5
Comestibles
 c - 2 bread rations
 h - a meat ration
 l - a slice of pizza


   Skills:
 - Level 2.4 Dodging
 - Level 2.4 Stealth
 + Level 4.4 Spellcasting
 * Level 6.1 Conjurations


You had 8 spell levels left.
You knew the following spells:

 Your Spells              Type           Power        Failure   Level  Hunger
a - Magic Dart            Conj           ####         1%          1    None
b - Searing Ray           Conj           #####.       1%          2    None


Dungeon Overview and Level Annotations

Branches:
Dungeon (5/15)
 Temple: D:4-7

Altars:
Gozag

Annotations:
D:3 Grinder
D:5 Edmund


Message History

The searing ray hits the ogre.
You kill the ogre!
Your Spellcasting skill increases to level 4!
Your Conjurations skill increases to level 6!
You have reached level 4!
You feel clever.
A worker ant comes into view.
You see here a giant club.
Casting: Searing Ray
Confirm with . or Enter, or press ? or * to list all spells.
Aiming: Searing Ray
Press: ? - help, Shift-Dir - straight line, f - worker ant
Aim: a worker ant (hasn't noticed you)
The searing ray hits the worker ant.
The worker ant is lightly wounded.
The worker ant twitches its antennae in your direction.
The searing ray hits the worker ant.
The worker ant is lightly wounded.
The worker ant bites you!
You die...

#.<........# # ..........
#..........# (#.........
#..........# .#.........
#.......>..# ..Z.......
#.....###### #.........
####.##8_8 #.........
#.##$.$ ## #.).?.$...
#.##.$.#.#######.........
#.###.##....@a......#.#.#
#.##.$..########......#
#.##........# ##.###.....
#.##.$....#.###..## ###..
#.##...#..........##. .
#.##.$.#...........[.#
.....
#......................
.....
#>#..$..##.###......#..
..... #..##....##.#
........O. .....


You could see a worker ant.

Vanquished Creatures
  An ogre (D:4)
  An adder (D:3)
  An ooze (D:2)
  2 dart slugs
  A giant gecko (D:4)
  3 bats
  A giant cockroach (D:3)
  3 goblins (D:3)
  3 hobgoblins
  A kobold (D:2)
  A quokka (D:3)
  3 rats
21 creatures vanquished.

Notes
Turn   | Place    | Note
-------+----------+-------------------------------------------
     0 | D:1      | PurpleRed the Deep Elf Conjurer began the quest for the Orb.
     0 | D:1      | Reached XP level 1. HP: 10/10 MP: 6/6
   275 | D:3      | Noticed Grinder
   275 | D:3      | Paralysed by Grinder for 2 turns
   341 | D:2      | Reached XP level 2. HP: 15/15 MP: 3/8
   365 | D:2      | Learned a level 2 spell: Searing Ray
   551 | D:3      | Reached skill level 5 in Conjurations
   613 | D:4      | Noticed a phantom
   637 | D:3      | Reached XP level 3. HP: 19/19 MP: 5/10
   734 | D:4      | Got a scintillating wooden ring
   735 | D:4      | Identified the ring of Tiots {Fire +Fly Int+4 Dex-4} (You found it on level 4 of the Dungeon)
   743 | D:5      | Entered Level 5 of the Dungeon
   764 | D:5      | Noticed Edmund
   770 | D:4      | Found an opulent altar of Gozag.
   779 | D:4      | Noticed an ogre
   783 | D:4      | Noticed an ogre
   794 | D:4      | Killed an ogre
   794 | D:4      | Reached skill level 6 in Conjurations
   794 | D:4      | Reached XP level 4. HP: 7/24 MP: 3/12
   800 | D:4      | Slain by a worker ant

Vault maps used:
D:1:      matt_arrival_spirals
D:2:      first_bread
D:3:      portal_sewer_entry_d, hex_tiny, uniq_grinder
D:4:      grunt_gozag_breadcrumbs, uniq_duvessa
D:5:      lemuel_upstairs_altar, minmay_misc_feat_cross, supply_closet_lemuel,
          fedhas_altar_3, uniq_edmund

Skill      XL: |  1  2  3 |
---------------+----------+-----
Conjurations   | 5 6 |  6.1
Spellcasting   | 4 |  4.4
Dodging        | |  2.4
Stealth        | |  2.4

Action                   |  1- 3 |  4- 6 || total
-------------------------+-------+-------++-------
Melee: Short sword       |     2 |       ||     2
 Cast: Magic Dart        |    35 |       ||    35
       Searing Ray       |     1 |     2 ||     3
Dodge: Dodged            |     8 |       ||     8
